3A
HIGHWOOD HAWKS @ SYRACUSE STORM
08/25/2033
 
TOP OF THE 1ST
Highwood Hawks batting - Pitching for Syracuse Storm : LHP Harris Hopkins
Pitching: LHP Harris Hopkins
Batting: RHB Paul Tate 0-0: Foul Ball, location: 2F
0-1: Ball
1-1: Ball
2-1: SINGLE (Groundball, 4MD)
Batting: RHB Victor Drenth 0-0: Foul Ball, location: 2F
0-1: Foul Ball, location: 2F
0-2: SINGLE (Groundball, 4MD)
Paul Tate to second
Runner from 2nd tries for 3rd, OUT after rundown.
Batting: LHB Yi-da Yee 0-0: Ball
1-0: Ball
2-0: Called Strike
2-1: Called Strike
2-2: Fly out, F7 (Flyball, 7LM)
Batting: RHB Paul Byrd 0-0: Ball
1-0: Called Strike
1-1: Ball
2-1: Called Strike
2-2: Ball
3-2: Base on Balls
Victor Drenth to second
Batting: SHB Leon Green 0-0: Called Strike
0-1: Swinging Strike
0-2: Foul Ball, location: 2F
0-2: Foul Ball, location: 2F
0-2: SINGLE (Line Drive, 8LS)
Victor Drenth to third
Paul Byrd to second
Batting: RHB Jurg Dansen 0-0: Ball
1-0: Foul Ball, location: 2F
1-1: Ball
2-1: SINGLE (Groundball, 4MD)
Victor Drenth scores
Paul Byrd to third
Leon Green to second
Runner from 3rd tries for Home, SAFE, no throw
Batting: RHB Jimmy Scott 0-0: Called Strike
0-1: Ball
1-1: Swinging Strike
1-2: DOUBLE (Line Drive, 78M)
Leon Green scores
Jurg Dansen to third
Runner from 3rd tries for Home, SAFE, no throw
Batting: LHB Tom Bell 0-0: Ball
1-0: Fly out, F7 (Flyball, 7LD)
Top of the 1st over - 4 runs, 5 hits, 0 errors, 1 left on base; Highwood 4 - Syracuse 0
BOTTOM OF THE 1ST
Syracuse Storm batting - Pitching for Highwood Hawks : RHP Josh Terry
Pitching: RHP Josh Terry
Batting: LHB Brenton Winston 0-0: Swinging Strike
0-1: Fly out, F8 (Flyball, 8LD)
Batting: RHB Dave Maxwell 0-0: Ball
1-0: Ball
2-0: Ground out 6-3 (Groundball, 6)
Batting: LHB Tom Burton 0-0: Ball
1-0: Ball
2-0: SINGLE (Groundball, 6MD)
Batting: RHB Dale Goodman 0-0: Ball
1-0: Ball
2-0: Called Strike
2-1: Ball
3-1: Called Strike
3-2: Strikes out swinging
Bottom of the 1st over - 0 runs, 1 hit, 0 errors, 1 left on base; Highwood 4 - Syracuse 0
TOP OF THE 2ND
Highwood Hawks batting - Pitching for Syracuse Storm : LHP Harris Hopkins
Batting: RHB Cutch Andrews 0-0: Ball
1-0: Called Strike
1-1: Foul Ball, location: 2F
1-2: DOUBLE (Line Drive, 7D)
Batting: RHB Paul Tate 0-0: Ball
1-0: Ball
2-0: DOUBLE (Flyball, 8RXD)
Cutch Andrews scores
Batting: RHB Victor Drenth 0-0: Called Strike
0-1: Called Strike
0-2: Strikes out swinging
Batting: LHB Yi-da Yee 0-0: Ball
1-0: Foul Ball, location: 2F
1-1: Swinging Strike
1-2: Ball
2-2: Ground out 4-3 (Groundball, 4)
Paul Tate to third
Batting: RHB Paul Byrd 0-0: Foul Ball, location: 2F
0-1: Ball
1-1: Fly out, F9 (Flyball, 9LS)
Top of the 2nd over - 1 run, 2 hits, 0 errors, 1 left on base; Highwood 5 - Syracuse 0
BOTTOM OF THE 2ND
Syracuse Storm batting - Pitching for Highwood Hawks : RHP Josh Terry
Batting: LHB Seung-min Sin 0-0: Called Strike
0-1: Ball
1-1: SINGLE (Line Drive, 56)
Batting: RHB Sadakuno Hashimoto 0-0: Called Strike
0-1: Ball
1-1: Foul Ball, location: 2F
1-2: SINGLE (Line Drive, 7S)
Seung-min Sin to second
Batting: RHB Adrián Medina 0-0: Fly out, F7 (Line Drive, 7)
Batting: SHB Franck Kooijmans 0-0: Foul Ball, location: 2F
0-1: SINGLE (Line Drive, 6D)
Seung-min Sin to third
Sadakuno Hashimoto to second
Batting: RHB Nelson Morán 0-0: Ball
1-0: Ball
2-0: Foul Ball, location: 2F
2-1: DOUBLE (Flyball, 89XD)
Seung-min Sin scores
Sadakuno Hashimoto scores
Franck Kooijmans to third
Runner from 3rd tries for Home, SAFE, no throw
Batting: LHB Brenton Winston 0-0: Ball
1-0: Ball
2-0: Called Strike
2-1: Ball
3-1: 2-RUN HOME RUN (Flyball, 9LD), Distance : 367 ft
Batting: RHB Dave Maxwell 0-0: Foul Ball, location: 2F
0-1: Foul Ball, location: 2F
0-2: Strikes out swinging
Batting: LHB Tom Burton 0-0: Called Strike
0-1: Called Strike
0-2: Ball
1-2: Ball
2-2: Ball
3-2: Foul Ball, location: 2F
3-2: Base on Balls
Batting: RHB Dale Goodman 0-0: Ball
1-0: Fly out, F7 (Flyball, 78S)
Bottom of the 2nd over - 5 runs, 5 hits, 0 errors, 1 left on base; Highwood 5 - Syracuse 5
TOP OF THE 3RD
Highwood Hawks batting - Pitching for Syracuse Storm : LHP Harris Hopkins
Batting: SHB Leon Green 0-0: Ball
1-0: Swinging Strike
1-1: Ball
2-1: Foul Ball, location: 2F
2-2: Fly out, F7 (Line Drive, 7LM)
Batting: RHB Jurg Dansen 0-0: Ball
1-0: Called Strike
1-1: Foul Ball, location: 2F
1-2: Foul Ball, location: 2F
1-2: Ball
2-2: Foul Ball, location: 2F
2-2: Ball
3-2: SOLO HOME RUN (Flyball, 7LD), Distance : 346 ft
Batting: RHB Jimmy Scott 0-0: Ball
1-0: Foul Ball, location: 2F
1-1: Ball
2-1: Ball
3-1: Called Strike
3-2: Base on Balls
Batting: LHB Tom Bell 0-0: Ball
1-0: Foul Ball, location: 2F
1-1: Called Strike
1-2: Ball
2-2: Foul Ball, location: 2F
2-2: Fly out, F4 (Line Drive, 3D)
Batting: RHB Cutch Andrews 0-0: Fly out, F8 (Flyball, 89D)
Top of the 3rd over - 1 run, 1 hit, 0 errors, 1 left on base; Highwood 6 - Syracuse 5
BOTTOM OF THE 3RD
Syracuse Storm batting - Pitching for Highwood Hawks : RHP Josh Terry
Batting: LHB Seung-min Sin 0-0: Called Strike
0-1: Ball
1-1: Foul Ball, location: 2F
1-2: SINGLE (Groundball, 34D)
Batting: RHB Sadakuno Hashimoto 0-0: Called Strike
0-1: Fielders Choice at 2nd, 5-4 (Groundball, 56)
Batting: RHB Adrián Medina 0-0: Called Strike
0-1: Fly out, F9 (Flyball, 89M)
Batting: SHB Franck Kooijmans 0-0: Ball
1-0: Called Strike
Sadakuno Hashimoto is caught stealing 2nd base
Bottom of the 3rd over - 0 runs, 1 hit, 0 errors, 0 left on base; Highwood 6 - Syracuse 5
TOP OF THE 4TH
Highwood Hawks batting - Pitching for Syracuse Storm : LHP Harris Hopkins
Batting: RHB Paul Tate 0-0: Foul Ball, location: 2F
0-1: Foul Ball, location: 2F
0-2: Ball
1-2: Ball
2-2: Ball
3-2: SINGLE (Groundball, 6MD)
Batting: RHB Victor Drenth 0-0: Called Strike
0-1: Foul Ball, location: 2F
0-2: Grounds into double play, 4-6-3 (Groundball, 4M)
Batting: LHB Yi-da Yee 0-0: Ball
1-0: Called Strike
1-1: Fly out, F8 (Flyball, 78D)
Top of the 4th over - 0 runs, 1 hit, 0 errors, 0 left on base; Highwood 6 - Syracuse 5
BOTTOM OF THE 4TH
Syracuse Storm batting - Pitching for Highwood Hawks : RHP Josh Terry
Batting: SHB Franck Kooijmans 0-0: Foul Ball, location: 2F
0-1: Ball
1-1: Foul Ball, location: 2F
1-2: Foul Ball, location: 2F
1-2: Fly out, F9 (Flyball, 9S)
Batting: RHB Nelson Morán 0-0: Ball
1-0: Ball
2-0: Ball
3-0: Called Strike
3-1: Foul Ball, location: 2F
3-2: Base on Balls
Batting: LHB Brenton Winston 0-0: Ball
1-0: Fly out, F5 (Popup, 56)
Batting: RHB Dave Maxwell 0-0: Ball
1-0: Ball
2-0: Foul Ball, location: 2F
2-1: Fly out, F3 (Popup, 3SF)
Bottom of the 4th over - 0 runs, 0 hits, 0 errors, 1 left on base; Highwood 6 - Syracuse 5
TOP OF THE 5TH
Highwood Hawks batting - Pitching for Syracuse Storm : LHP Harris Hopkins
Batting: RHB Paul Byrd 0-0: Fly out, F8 (Flyball, 8LM)
Batting: SHB Leon Green 0-0: Called Strike
0-1: Foul Ball, location: 2F
0-2: Ball
1-2: Ball
2-2: Ball
3-2: Strikes out swinging
Batting: RHB Jurg Dansen 0-0: Fly out, F5 (Popup, 5SF)
Top of the 5th over - 0 runs, 0 hits, 0 errors, 0 left on base; Highwood 6 - Syracuse 5
BOTTOM OF THE 5TH
Syracuse Storm batting - Pitching for Highwood Hawks : RHP Josh Terry
Batting: LHB Tom Burton 0-0: Foul Ball, location: 2F
0-1: Ball
1-1: Foul Ball, location: 2F
1-2: Ball
2-2: Fly out, F2 (Popup, 2LF)
Batting: RHB Dale Goodman 0-0: Called Strike
0-1: Ball
1-1: SINGLE (Groundball, 6MD)
Batting: LHB António Escobeda 0-0: Swinging Strike
0-1: Swinging Strike
0-2: Ball
Dale Goodman steals 2nd base
1-2: Ball
2-2: Ball
3-2: Ground out U3 (Groundball, 3)
Dale Goodman to third
Batting: RHB Sadakuno Hashimoto 0-0: Ball
1-0: Called Strike
1-1: Ball
2-1: Ground out 6-3 (Groundball, 6S)
Bottom of the 5th over - 0 runs, 1 hit, 0 errors, 1 left on base; Highwood 6 - Syracuse 5
TOP OF THE 6TH
Highwood Hawks batting - Pitching for Syracuse Storm : LHP Harris Hopkins
Pitching: RHP Víctor Rodríguez
Batting: RHB Jimmy Scott 0-0: Called Strike
0-1: Ball
1-1: Foul Ball, location: 2F
1-2: Ball
2-2: Ball
3-2: Strikes out swinging
Batting: LHB Tom Bell 0-0: Ball
1-0: Called Strike
1-1: Ball
2-1: Ball
3-1: Called Strike
3-2: Base on Balls
Batting: RHB Cutch Andrews 0-0: Called Strike
Pickoff Throw to First - Out!
0-1: Ball
1-1: Ball
2-1: Ball
3-1: Base on Balls
Batting: RHB Paul Tate 0-0: Fly out, F7 (Flyball, 78D)
Top of the 6th over - 0 runs, 0 hits, 0 errors, 1 left on base; Highwood 6 - Syracuse 5
BOTTOM OF THE 6TH
Syracuse Storm batting - Pitching for Highwood Hawks : RHP Josh Terry
Batting: RHB Adrián Medina 0-0: Foul Ball, location: 2F
0-1: Ball
1-1: Foul Ball, location: 2F
1-2: Ball
2-2: Strikes out swinging, 2-3 out at first.
Batting: SHB Franck Kooijmans 0-0: Foul Ball, location: 2F
0-1: Swinging Strike
0-2: Ball
1-2: Ball
2-2: Ball
3-2: Strikes out swinging
Batting: RHB Nelson Morán 0-0: Ground out 5-3 (Groundball, 56S)
Bottom of the 6th over - 0 runs, 0 hits, 0 errors, 0 left on base; Highwood 6 - Syracuse 5
TOP OF THE 7TH
Highwood Hawks batting - Pitching for Syracuse Storm : RHP Víctor Rodríguez
Batting: RHB Victor Drenth 0-0: Ball
1-0: Ball
2-0: Called Strike
2-1: Ground out 6-3 (Groundball, 6)
Batting: LHB Yi-da Yee 0-0: Called Strike
0-1: SINGLE (Groundball, 6MD)
Batting: RHB Paul Byrd 0-0: Ball
1-0: Ball
2-0: Ball
3-0: Base on Balls
Yi-da Yee to second
Pinch Runner at 2nd Armando Hernández:
Batting: SHB Leon Green 0-0: Ball
1-0: Ball
Armando Hernández steals 3rd base
2-0: Ball
Wild Pitch!
Armando Hernández scores
Paul Byrd to second
3-0: Base on Balls
Batting: RHB Jurg Dansen 0-0: Ball
1-0: Called Strike
1-1: Foul Ball, location: 2F
1-2: Strikes out swinging
Batting: RHB Jimmy Scott 0-0: Ball
1-0: Foul Ball, location: 2F
1-1: Ball
2-1: Foul Ball, location: 2F
2-2: Strikes out swinging
Top of the 7th over - 1 run, 1 hit, 0 errors, 2 left on base; Highwood 7 - Syracuse 5
BOTTOM OF THE 7TH
Syracuse Storm batting - Pitching for Highwood Hawks : RHP Josh Terry
Now at SS: Armando Hernández
Batting: LHB Brenton Winston 0-0: Called Strike
0-1: SINGLE (Line Drive, 5L)
Batting: RHB Dave Maxwell 0-0: Ball
Throwing error on steal attempt, E2
Brenton Winston to third
1-0: Foul Ball, location: 2F
1-1: Foul Ball, location: 2F
1-2: Foul Ball, location: 2F
1-2: Fly out, F8 (Flyball, 8LM)
Runner from 3rd tags up, SCORES, no throw
Pitching: LHP Danny Richardson
Batting: LHB Tom Burton 0-0: Foul Ball, location: 2F
0-1: Called Strike
0-2: Ball
1-2: Ball
2-2: Fly out, F9 (Line Drive, 9S)
Batting: RHB Dale Goodman 0-0: Ball
1-0: Ball
2-0: SINGLE (Groundball, 6MD)
Batting: LHB António Escobeda 0-0: Ball
Dale Goodman is caught stealing 2nd base
Bottom of the 7th over - 1 run, 2 hits, 1 error, 0 left on base; Highwood 7 - Syracuse 6
TOP OF THE 8TH
Highwood Hawks batting - Pitching for Syracuse Storm : RHP Víctor Rodríguez
Batting: LHB Tom Bell 0-0: SINGLE (Groundball, 6MD)
Batting: RHB Cutch Andrews 0-0: Ball
1-0: Bunt missed!
1-1: Bunted foul
1-2: Ball
2-2: Strikes out swinging
Batting: RHB Paul Tate 0-0: SINGLE (Line Drive, 89M)
Tom Bell to second
Batting: RHB Victor Drenth 0-0: Fly out, F8 (Flyball, 8RM)
Batting: RHB Armando Hernández 0-0: Called Strike
0-1: Foul Ball, location: 2F
0-2: Strikes out swinging
Top of the 8th over - 0 runs, 2 hits, 0 errors, 2 left on base; Highwood 7 - Syracuse 6
BOTTOM OF THE 8TH
Syracuse Storm batting - Pitching for Highwood Hawks : LHP Danny Richardson
Batting: LHB António Escobeda 0-0: Ball
1-0: Ground out 4-3 (Groundball, 4MS)
Batting: RHB Sadakuno Hashimoto 0-0: Ball
1-0: Foul Ball, location: 2F
1-1: Ball
2-1: DOUBLE (Line Drive, 7LS)
Pitching: RHP Cliff Watson
Pinch Hitting: LHB Phil Beck 0-0: Ball
1-0: Ball
2-0: Called Strike
2-1: Ball
3-1: Base on Balls
Batting: SHB Franck Kooijmans 0-0: Called Strike
0-1: Ball
1-1: Hit by Pitch
Sadakuno Hashimoto to third
Phil Beck to second
Batting: RHB Nelson Morán 0-0: Swinging Strike
0-1: Ball
1-1: Called Strike
1-2: Strikes out looking
Batting: LHB Brenton Winston 0-0: Ball
1-0: Foul Ball, location: 2F
1-1: Ball
2-1: Fly out, F8 (Flyball, 8RXD)
Bottom of the 8th over - 0 runs, 1 hit, 0 errors, 3 left on base; Highwood 7 - Syracuse 6
TOP OF THE 9TH
Highwood Hawks batting - Pitching for Syracuse Storm : RHP Víctor Rodríguez
Pitching: RHP Pancho Chacón
Now at 2B: Phil Beck
Batting: RHB Paul Byrd 0-0: Ball
1-0: Called Strike
1-1: Ball
2-1: SINGLE (Line Drive, 6MD)
Batting: SHB Leon Green 0-0: Ball
1-0: Called Strike
1-1: Foul Ball, location: 2F
1-2: Ball
2-2: Ball
3-2: Strikes out swinging
Batting: RHB Jurg Dansen 0-0: Ball
1-0: Foul Ball, location: 2F
1-1: Grounds into double play, 4-6-3 (Groundball, 4)
Top of the 9th over - 0 runs, 1 hit, 0 errors, 0 left on base; Highwood 7 - Syracuse 6
BOTTOM OF THE 9TH
Syracuse Storm batting - Pitching for Highwood Hawks : RHP Cliff Watson
Pitching: LHP Stan Lowe
Now at C: Xiao-gang Xú
Batting: RHB Dave Maxwell 0-0: Foul Ball, location: 2F
0-1: Ball
1-1: Called Strike
1-2: Ball
2-2: SINGLE (Line Drive, 7LM)
Pinch Runner at 1st Miguel Román:
Pinch Hitting: RHB Juan Perales 0-0: Called Strike
0-1: Ball
1-1: Ground out 5-3 (Groundball, 56S)
Miguel Román to second
Batting: RHB Dale Goodman 0-0: Ball
1-0: Called Strike
1-1: Ball
2-1: Swinging Strike
2-2: Ball
3-2: Foul Ball, location: 2F
3-2: Ground out 5-3 (Groundball, 56)
Batting: LHB António Escobeda 0-0: Foul Ball, location: 2F
0-1: Ball
1-1: Foul Ball, location: 2F
1-2: Foul Ball, location: 2F
1-2: Fly out, F4 (Line Drive, 4)
Bottom of the 9th over - 0 runs, 1 hit, 0 errors, 1 left on base; Highwood 7 - Syracuse 6
Saturday, December 22nd, 2018 - OOTP Baseball 18.8 Build 76